 Dungeon Crawl Stone Soup version 0.28.0-53-g5a82cb258f (webtiles) character file.

Game seed: 15351996807236051629

16 ChickenMitten the Bolt Thrower (level 2, 21/23 HPs)
             Began as a Formicid Hunter on Aug 1, 2022.
             Was an Initiate of Yredelemnul.
             Got out of the dungeon alive.
             The game lasted 00:02:06 (992 turns).

ChickenMitten the Bolt Thrower (Formicid Hunter)     Turns: 992, Time: 00:02:07

Health: 21/23      AC:  5    Str: 16    XL:     2   Next: 75%
Magic:  2/2        EV: 10    Int: 10    God:    Yredelemnul [......]
Gold:   47         SH:  0    Dex: 11    Spells: 1/1 levels left

rFire   . . .      SeeInvis +   e - +0 falchion
rCold   . . .      Faith    .   (no shield)
rNeg    . . .      Spirit   .   g - +0 ring mail
rPois   .          Reflect  .   (helmet unavailable)
rElec   .          Harm     .   (no cloak)
rCorr   .          Rampage  .   (no gloves)
Will    .....                   (no boots)
Stlth   +.........              (no amulet)
HPRegen 0.07/turn               (no ring)
MPRegen 0.08/turn               (no ring)

@: no status effects
A: permanent stasis, dig shafts and tunnels, antennae 3, four strong arms
a: Dig, Shaft Self, Renounce Religion, Recall Undead Harvest


You escaped.
You worshipped Yredelemnul.
Yredelemnul was noncommittal.
You visited 1 branch of the dungeon, and saw 1 of its levels.

You collected 47 gold pieces.

Inventory:

Hand Weapons
 a - a +1 hand crossbow
 b - a +0 short sword
 e - a +0 falchion (weapon)
Missiles
 d - 20 bolts
Armour
 c - a +0 leather armour
 g - a +0 ring mail (worn)
Scrolls
 f - 2 scrolls of identify {unknown}
 h - a scroll of enchant armour {unknown}


   Skills:
 * Level 2.3 Fighting
 * Level 4.4 Crossbows
 * Level 1.0 Armour
 - Level 1.7 Dodging
 - Level 1.2 Stealth


You had one spell level left.
You didn't know any spells.
Your spell library was empty.

Dungeon Overview and Level Annotations

Branches:
Dungeon (1/15)

Altars:
Yredelemnul


Innate Abilities, Weirdness & Mutations

You cannot be hasted, slowed, berserked, paralysed or teleported.
You can dig through walls and to a lower floor.
You have a pair of large antennae on your head. (SInv)
Your four strong arms can wield two-handed weapons with a shield.


Message History

No target in view!
No target in view!
You sense a monster nearby.
You open the door.
A hobgoblin comes into view.
The hobgoblin shouts!
There is an open door here.
The hobgoblin hits you.
You hit the hobgoblin but do no damage.
The hobgoblin hits you but does no damage.
The hobgoblin hits you.
You hit the hobgoblin.
The hobgoblin is severely wounded.
Your ball python zombie barely misses the hobgoblin. x2
The hobgoblin hits you but does no damage.
Your ball python zombie bites the hobgoblin.
The hobgoblin dies!
No target in view!
No target in view!
No target in view!
No target in view!
No target in view!
No target in view!
No target in view!
No target in view!
No target in view!
No target in view!
No target in view!
No target in view!
No target in view!
No target in view!
No target in view!
No target in view!
No target in view!
No target in view!
You open the door.
There is an open door here.
There is a staircase leading out of the dungeon here.
Are you sure you want to leave the Dungeon?
This will make you lose the game!
You have escaped!

.....###.##.###.# ###.#### #
......##.##.....# #####.....# ##
.......#.##.....###...#.....####.
.......'.......................'.
.......####.8Z8###8.8##.....####.
......## ###Z#####.###.....# ##
.....## #Z#.#.#.# #.##### #
#...## #.Z.....# #.# ##+##
#..Z@...# #.# #.# #.......# #.#
#.# #.#.#.#.# #.# ##.## #.#####.#
#.###### #...## #.# #.#
#.##...#### .....# #.# #.#
#.##......> #...####### #. .#
#.†....#### ..........# ########
##.######..


You could see 2 friendly ball python zombies and a friendly giant cockroach
zombie.

Vanquished Creatures
  2 endoplasms (D:1)
  3 giant cockroaches (D:1)
  4 goblins (D:1)
  A hobgoblin (D:1)
  A ball python (D:1)
  2 frilled lizards (D:1)
13 creatures vanquished.

Vanquished Creatures (collateral kills)
  A hobgoblin (D:1)
1 creature vanquished.

Grand Total: 14 creatures vanquished

Notes
Turn   | Place    | Note
-------+----------+-------------------------------------------
     0 | D:1      | ChickenMitten the Formicid Hunter began the quest for the
                  | Orb.
     0 | D:1      | Reached XP level 1. HP: 16/16 MP: 1/1
   203 | D:1      | Reached XP level 2. HP: 19/22 MP: 2/2
   333 | D:1      | Reached skill level 1 in Armour
   656 | D:1      | Found a faded altar of an unknown god.
   828 | D:1      | Prayed at the altar of an unknown god.
   828 | D:1      | Became a worshipper of Yredelemnul the Dark
   992 | D:$      | Got out of the dungeon alive.

Illustrated notes

Levels and vault maps discovered:
D:1:      psy_arrival_basics, layout_loops_corners,
          shapermc_ecumenical_altar_acropolis

Skill      XL: |  1  2 |
---------------+-------+-----
Armour         | 1 |  1.0
Fighting       | |  2.3
Crossbows      | |  4.4
Dodging        | |  1.7
Stealth        | |  1.2

Action                   || total
-------------------------++-------
Melee: Falchion          ||    26
 Fire: Hand crossbow     ||    12
Armor: Leather armour    ||     7
       Ring mail         ||     5
Dodge: Dodged            ||    17
